AoeStats
← A Bá

Nomad

508235328Analyzed
4v4 RM · 12d ago on Sep 21, 2026· 60m 44s· 8 players
Game mode
Random Map
Map size
231×231
Population
200
Speed
Normal
Resources
Standard
Victory
Conquest
Starting age
Dark Age
Ending age
Imperial Age
RankedLock teamsTeams togetherTeam positionsShared explorationLock speedFull tech treeHidden civsTurbo modeCheats
Victory
Defeat
🇫🇮 Dravidians · Finland
1282
+13
🇷🇺 Huns · Russia
1235
+15
🇭🇷 Turks · Croatia
1222
+16
🇬🇧 Koreans · United Kingdom
1221
+16
🇲🇾 Shu · Malaysia
1288
-18
🇦🇺 Cumans · Australia
1218
-15
🇻🇳 Spanish · Vietnam
1213
-15
🇹🇼 Koreans · Taiwan
1137
-12
Súc Vật Du Phong
3:54 Loom
13:52 Feudal Age
18:31 Castle Age
18:02 Stone Mining
20:17 Scale Barding Armor
23:05 Chain Barding Armor
25:54 Medium Warships
27:58 Horse Collar
29:31 Husbandry
31:02 Wheelbarrow
31:48 Gold Mining
32:38 Hand Cart
36:45 Imperial Age
35:38 Heavy Plow
37:42 Bloodlines
38:50 Cavalier
40:00 Forging
40:26 Plate Barding Armor
42:03 Iron Casting
42:06 Double-Bit Axe
46:36 Blast Furnace
46:10 Conscription
46:56 Bow Saw
46:26 Paladin
55:53 Pikeman
56:36 Squires
56:44 Light Cavalry
57:17 Halberdier
57:59 Scale Mail Armor
crazyeyee
5:57 Loom
6:14 Loom
13:46 Feudal Age
14:50 Double-Bit Axe
17:20 Stone Mining
18:19 Wheelbarrow
17:35 Horse Collar
23:30 Castle Age
22:26 Fletching
25:32 Bow Saw
25:54 Gold Mining
41:09 Imperial Age
41:03 Bodkin Arrow
46:01 Hand Cart
47:41 Town Watch
51:41 Chemistry
50:49 Siege Engineers
53:08 Elite War Wagon
56:13 Masonry
55:48 Treadmill Crane
56:06 Murder Holes
_SKY_菜刀
13:45 Loom
16:11 Feudal Age
17:04 Double-Bit Axe
18:16 Fletching
22:22 Castle Age
20:05 Horse Collar
20:21 Stone Mining
20:24 Gold Mining
23:48 Bow Saw
24:15 Gold Shaft Mining
24:43 Bodkin Arrow
33:52 Imperial Age
32:29 Padded Archer Armor
32:30 Scale Mail Armor
33:26 Elite Skirmisher
33:40 Crossbowman
34:26 Thumb Ring
35:29 Bracer
39:14 Arbalester
40:10 Leather Archer Armor
39:33 Elite Skirmisher
42:28 Medium Warships
44:28 Ring Archer Armor
44:14 Chain Mail Armor
46:07 Chemistry
45:28 Ballistics
48:15 Bolt Magazine
48:41 Conscription
50:16 Forging
50:37 Plate Mail Armor
58:50 Squires
58:15 Pikeman
59:02 Scale Barding Armor
A Bá
3:28 Loom
15:56 Feudal Age
16:51 Double-Bit Axe
24:31 Castle Age
23:01 Stone Mining
23:04 Gold Mining
49:31 Bloodlines
56:36 Horse Collar
58:15 Forging
58:55 Wheelbarrow
58:17 Pikeman
58:57 Squires
61:50 Imperial Age
59:53 Bow Saw
60:26 Scale Mail Armor
61:01 Iron Casting
SirBro
3:51 Loom
4:09 Loom
14:42 Feudal Age
15:59 Double-Bit Axe
16:09 Gold Mining
18:42 Forging
19:27 Fishing Lines
21:57 Castle Age
22:53 Medium Warships
25:57 Gillnets
27:36 Wheelbarrow
26:47 Town Watch
26:45 Pikeman
28:23 Squires
28:08 Arson
28:43 Scale Mail Armor
31:45 Iron Casting
31:26 Chain Mail Armor
36:15 Imperial Age
34:01 Hand Cart
33:46 Town Patrol
35:48 Thumb Ring
35:37 Fletching
35:47 Padded Archer Armor
36:42 Elite Elephant Archer
39:49 Chemistry
39:17 Ballistics
38:57 Bodkin Arrow
39:17 Leather Archer Armor
40:30 Conscription
42:42 Ring Archer Armor
42:12 Bracer
46:04 Gambesons
45:39 Man-at-Arms
46:55 Plate Mail Armor
47:26 Blast Furnace
47:08 Long Swordsman
48:16 Wootz Steel
48:33 Two-Handed Swordsman
49:47 Champion
50:38 Scale Barding Armor
52:57 Masonry
57:19 Heavy Scorpion
Melfish
6:32 Loom
14:50 Feudal Age
17:11 Fletching
23:06 Castle Age
24:00 Bodkin Arrow
40:03 Double-Bit Axe
40:20 Horse Collar
44:41 Imperial Age
43:24 Wheelbarrow
42:52 Town Watch
43:21 Gold Mining
43:58 Stone Mining
48:40 Bloodlines
48:30 Husbandry
49:22 Scale Barding Armor
52:00 Coinage
52:53 Bow Saw
56:47 Scale Barding Armor
56:53 Forging
58:32 Chain Barding Armor
60:26 Plate Barding Armor
61:30 Iron Casting
ExeQt0r
3:09 Loom
13:54 Feudal Age
17:03 Double-Bit Axe
19:41 Castle Age
17:52 Horse Collar
20:38 Fletching
21:05 Bloodlines
20:56 Husbandry
21:07 Scale Barding Armor
21:53 Wheelbarrow
21:06 Town Watch
21:43 Bodkin Arrow
24:34 Forging
26:08 Iron Casting
25:57 Chain Barding Armor
33:07 Fishing Lines
35:01 Heavy Plow
35:19 Bow Saw
35:34 Husbandry
38:26 Gillnets
42:38 Iron Casting
42:02 Gold Mining
44:15 Gold Shaft Mining
47:18 Imperial Age
46:11 Stone Mining
46:30 Marauders
49:06 Blast Furnace
47:27 Elite Tarkan
50:29 Plate Barding Armor
50:39 Murder Holes
51:48 Ballistics
51:30 Bracer
58:12 Conscription
Guerilla_The_Scylla
9:02 Loom
14:18 Feudal Age
17:18 Fishing Lines
18:50 Double-Bit Axe
22:14 Town Watch
23:11 Fletching
26:38 Castle Age
29:34 Castle Age
28:13 Horse Collar
30:38 Bodkin Arrow
32:32 Elite Skirmisher
35:08 Wheelbarrow
36:13 Ballistics
40:04 Eupseong
41:45 Masonry
44:01 Gillnets
44:04 Pikeman
49:50 Imperial Age
48:16 Bow Saw
49:47 Thumb Ring
49:52 Scale Mail Armor
50:03 Forging
50:27 Squires
50:56 Bracer
52:41 Conscription
54:34 Chemistry
55:49 Siege Engineers
58:23 Arrowslits
60:03 Hand Cart
59:36 Halberdier
60:04 Arson
61:43 Architecture
Connection lost

Rejoining the realm…

Still unreachable

The connection could not be restored.

Session expired

The server has moved on; the page needs a fresh start.